Map: Beckett Industries LE

Players

Astrea - Winner!

  • Race: Protoss Protoss

Scarlett

  • Race: Zerg Zerg

Event: DreamHack SC2 Masters 2021 Fall

VOD

Have the link to the VOD?

Description

Time

  • Played on: Aug. 15, 2021, 4:04 p.m.
  • Length: 7:47

All games in this series

Show
View Real Time Build Order
Export as new Build Order

Astrea Protoss - Winner!

Build Orders:  

Get SALT Encoding   

  12  0:00  Probe  
  13  0:12  Probe  
  14  0:17  Pylon  
  14  0:24  Probe  
  15  0:36  Probe  
  15  0:38  Gateway  
  16  0:49  Probe  
  17  0:54  Gateway  
  17  1:01  Probe  
  17  1:03  Assimilator  
  18  1:13  Probe  
  18  1:17  Pylon  
  19  1:25  Zealot (Chrono Boost), Probe  
  22  1:34  Cybernetics Core  
  24  1:47  Zealot (Chrono Boost)  
  24  1:48  Zealot (Chrono Boost)  
  26  1:58  Probe  
  27  2:07  Adept x2 (Chrono Boost)  
  27  2:10  Pylon  
  27  2:13  Warp Gate  
  31  2:20  Pylon  
  31  2:30  Adept  
  31  2:32  Adept  
  35  2:56  Nexus  
  35  2:59  Probe  
  36  3:07  Assimilator  
  36  3:10  Pylon  
  36  3:12  Probe  
  37  3:24  Probe  
  38  3:31  Twilight Council  
  38  3:36  Probe  
  41  3:48  Probe  
  42  3:54  Gateway  
  42  4:00  Probe  
  42  4:01  Stalker, Resonating Glaives (Chrono Boost)  
  43  4:04  Adept  
  45  4:10  Probe  
  45  4:14  Probe  
  47  4:23  Probe  
  48  4:25  Shield Battery  
  48  4:27  Probe  
  48  4:30  Adept  
  51  4:35  Probe  
  51  4:36  Adept  
  54  4:39  Probe  
  54  4:43  Pylon  
  55  4:47  Probe  
  55  4:51  Adept, Probe  
  59  4:54  Adept  
  61  5:00  Probe  
  61  5:03  Pylon, Adept  
  61  5:06  Probe  
  65  5:11  Assimilator  
  65  5:12  Probe  
  65  5:13  Assimilator  
  66  5:18  Probe  
  67  5:24  Probe  
  68  5:30  Stargate, Probe  
  68  5:32  Stargate  
  69  5:36  Probe  
  68  5:42  Probe  
  68  5:48  Probe  
  68  5:55  Probe  
  61  6:00  Probe  
  61  6:03  Adept  
  61  6:04  Adept x2  
  68  6:07  Pylon, Probe  
  69  6:13  Phoenix (Chrono Boost)  
  69  6:14  Phoenix (Chrono Boost)  
  69  6:15  Pylon  
  73  6:24  Pylon  
  73  6:27  Adept  
  73  6:28  Adept  
  73  6:30  Phoenix (Chrono Boost)  
  73  6:31  Adept  
  82  6:36  Phoenix (Chrono Boost)  
  82  6:42  Shield Battery  
  82  6:45  Shield Battery  
  82  6:47  Phoenix (Chrono Boost)  
  82  6:50  Adept x2  
  82  6:51  Adept  
  90  6:57  Phoenix  
  92  7:05  Probe  
  93  7:10  Phoenix  
  93  7:13  Adept x2  
  97  7:22  Cybernetics Core  
  95  7:24  Phoenix (Chrono Boost)  
  97  7:33  Pylon x2  
Show
View Real Time Build Order
Export as new Build Order

Scarlett Zerg 

Build Orders: Pool First 

Get SALT Encoding   

  12  0:00  Drone  
  13  0:12  Overlord  
  13  0:17  Drone  
  14  0:30  Drone x2  
  16  0:40  Spawning Pool  
  15  0:44  Drone  
  15  0:48  Drone  
  17  1:09  Hatchery  
  16  1:13  Drone  
  17  1:26  Zergling x4  
  17  1:27  Zergling x2  
  20  1:32  Queen  
  20  1:35  Extractor  
  21  1:41  Overlord  
  21  1:53  Drone  
  22  2:08  Queen  
  22  2:09  Drone  
  25  2:20  Queen  
  25  2:22  Zergling x6  
  30  2:29  Spine Crawler  
  29  2:39  Drone x2  
  29  2:43  Metabolic Boost  
  30  2:49  Zergling x2  
  31  2:52  Drone  
  32  3:07  Overlord  
  32  3:14  Drone  
  32  3:15  Drone x2  
  35  3:28  Drone x7  
  35  3:31  Overlord  
  42  3:41  Drone  
  43  3:42  Overlord  
  43  3:49  Overlord  
  43  3:51  Drone x2  
  43  3:53  Queen  
  47  3:59  Drone x2  
  49  4:05  Drone x3  
  52  4:19  Hatchery  
  50  4:25  Drone x2, Roach Warren  
  50  4:27  Extractor  
  50  4:29  Drone x2  
  52  4:33  Drone  
  52  4:34  Drone x2  
  55  4:38  Drone  
  55  4:39  Extractor, Drone  
  55  4:40  Overlord  
  56  4:46  Lair  
  56  4:49  Overlord  
  56  4:52  Overlord  
  56  4:59  Overlord  
  56  5:06  Roach x4  
  64  5:10  Drone x3  
  66  5:15  Roach x2  
  70  5:23  Roach x2  
  74  5:35  Roach x5  
  84  5:44  Zergling x2  
  84  5:45  Zergling x6  
  87  5:54  Zergling x2  
  87  5:55  Zergling x2, Hatchery  
  85  5:59  Overseer  
  85  6:01  Zergling x4  
  85  6:03  Ravager x3  
  90  6:09  Ravager  
  90  6:11  Extractor  
  90  6:15  Ravager  
  91  6:22  Overlord  
  91  6:28  Overlord  
  91  6:37  Zergling x2  
  91  6:42  Ravager  
  91  6:43  Ravager x2, Zergling x14  
  99  6:48  Zergling x6  
  102  6:55  Zergling x4  
  97  7:09  Zergling x4  
  97  7:10  Zergling x14  
  97  7:14  Zergling x2  
  102  7:19  Zergling x4  
  97  7:28  Zergling x4  

Tags
 
Add a new tag
Caveats
  • Supply blocks, unpowered buildings, or Contaminate may cause inaccurate times.
  • Supply counts are checked every 10 seconds.